TOP OF THE 1ST |
Auburn Tigers batting - Pitching for Rutgers Scarlet Knights : RHP Joel Cobb
|
Pitching: RHP Joel Cobb
|
|
Batting: RHB Bill Petty
|
0-0: Called Strike 0-1: Foul Ball, location: 2F 0-2: Foul Ball, location: 2F 0-2: Fly out, F4 (Line Drive, 4)
|
Batting: RHB Jerry Browning
|
0-0: Called Strike 0-1: Swinging Strike 0-2: SINGLE (Line Drive, 34S)
|
Batting: RHB Robert Porter
|
0-0: Ball 1-0: Foul Ball, location: 2F 1-1: Foul Ball, location: 2F 1-2: Foul Ball, location: 2F 1-2: Foul Ball, location: 2F 1-2: Ball 2-2: Foul Ball, location: 2F 2-2: Foul Ball, location: 2F 2-2: Strikes out swinging
|
Batting: SHB Garrett Waller
|
0-0: Foul Ball, location: 2F 0-1: SINGLE (Groundball, 6D) Jerry Browning to second
|
Batting: RHB Valentín Saldaña
|
0-0: Called Strike 0-1: Called Strike 0-2: Strikes out swinging
|
Top of the 1st over - 0 run(s), 2 hit(s), 0 error(s), 2 left on base; Auburn 0 - Rutgers 0 |
BOTTOM OF THE 1ST |
Rutgers Scarlet Knights batting - Pitching for Auburn Tigers : RHP Luis Osón
|
Pitching: RHP Luis Osón
|
|
Batting: LHB Dave Watkins
|
0-0: Ball 1-0: Called Strike 1-1: Ball 2-1: Ball 3-1: Foul Ball, location: 2F 3-2: Fly out, F7 (Flyball, 7S)
|
Batting: RHB Joe Roberts
|
0-0: Called Strike 0-1: Swinging Strike 0-2: Ball 1-2: Strikes out swinging
|
Batting: SHB Woody Stanley
|
0-0: Ball 1-0: SINGLE (Line Drive, 89S)
|
Batting: LHB Carlos Hernández
|
0-0: Called Strike 0-1: Ball 1-1: Foul Ball, location: 2F 1-2: Foul Ball, location: 2F 1-2: Ball 2-2: SINGLE (Line Drive, 8LS) Woody Stanley to second Runner from 2nd tries for 3rd, SAFE, no throw
|
Batting: RHB Chris Barker
|
0-0: Ball 1-0: Called Strike 1-1: Swinging Strike 1-2: Ball 2-2: Ground out 1-3 (Groundball, 13S)
|
Bottom of the 1st over - 0 run(s), 2 hit(s), 0 error(s), 2 left on base; Auburn 0 - Rutgers 0 |
TOP OF THE 2ND |
Auburn Tigers batting - Pitching for Rutgers Scarlet Knights : RHP Joel Cobb
|
Batting: SHB Mike Robinson
|
0-0: Ground out 4-3 (Groundball, 4)
|
Batting: LHB Matt Kennedy
|
0-0: SINGLE (Groundball, 4D)
|
Batting: RHB Patrick Stewart
|
0-0: Ball 1-0: Grounds into double play, 5-4-3 (Groundball, 5)
|
Top of the 2nd over - 0 run(s), 1 hit(s), 0 error(s), 0 left on base; Auburn 0 - Rutgers 0 |
BOTTOM OF THE 2ND |
Rutgers Scarlet Knights batting - Pitching for Auburn Tigers : RHP Luis Osón
|
Batting: LHB Zander Rutherford
|
0-0: Foul Ball, location: 2F 0-1: Foul Ball, location: 2F 0-2: Foul Ball, location: 2F 0-2: Foul Ball, location: 2F 0-2: SINGLE (Groundball, 3D)
|
Batting: RHB Eric Green
|
0-0: Grounds into double play, 6-4-3 (Groundball, 6D)
|
Batting: RHB Norm Gunn
|
0-0: Fly out, F9 (Flyball, 9)
|
Bottom of the 2nd over - 0 run(s), 1 hit(s), 0 error(s), 0 left on base; Auburn 0 - Rutgers 0 |
TOP OF THE 3RD |
Auburn Tigers batting - Pitching for Rutgers Scarlet Knights : RHP Joel Cobb
|
Batting: RHB Travis Curtis
|
0-0: Foul Ball, location: 2F 0-1: Foul Ball, location: 2F 0-2: Ball 1-2: Ball 2-2: Ground out 4-3 (Groundball, 4)
|
Batting: RHB Bill Petty
|
0-0: SINGLE (Line Drive, 78S)
|
Batting: RHB Jerry Browning
|
0-0: Ball 1-0: Ball 2-0: Called Strike 2-1: Called Strike 2-2: Grounds into double play, 6-4-3 (Groundball, 6)
|
Top of the 3rd over - 0 run(s), 1 hit(s), 0 error(s), 0 left on base; Auburn 0 - Rutgers 0 |
BOTTOM OF THE 3RD |
Rutgers Scarlet Knights batting - Pitching for Auburn Tigers : RHP Luis Osón
|
Batting: RHB Jesús León
|
0-0: Ball 1-0: Called Strike 1-1: Ball 2-1: Called Strike 2-2: Ball 3-2: Foul Ball, location: 2F 3-2: Strikes out swinging
|
Batting: LHB Dave Watkins
|
0-0: Swinging Strike 0-1: Called Strike 0-2: Ground out U3 (Groundball, 23)
|
Batting: RHB Joe Roberts
|
0-0: Ball 1-0: Called Strike 1-1: Called Strike 1-2: Fly out, F9 (Flyball, 9S)
|
Bottom of the 3rd over - 0 run(s), 0 hit(s), 0 error(s), 0 left on base; Auburn 0 - Rutgers 0 |
TOP OF THE 4TH |
Auburn Tigers batting - Pitching for Rutgers Scarlet Knights : RHP Joel Cobb
|
Batting: RHB Robert Porter
|
0-0: Swinging Strike 0-1: Fly out, F9 (Flyball, 9LSF)
|
Batting: SHB Garrett Waller
|
0-0: Ground out 6-3 (Groundball, 6S)
|
Batting: RHB Valentín Saldaña
|
0-0: SINGLE (Groundball, 6S) (infield hit)
|
Batting: SHB Mike Robinson
|
0-0: Foul Ball, location: 2F 0-1: Called Strike 0-2: Ball 1-2: Ball 2-2: Strikes out swinging
|
Top of the 4th over - 0 run(s), 1 hit(s), 0 error(s), 1 left on base; Auburn 0 - Rutgers 0 |
BOTTOM OF THE 4TH |
Rutgers Scarlet Knights batting - Pitching for Auburn Tigers : RHP Luis Osón
|
Batting: SHB Woody Stanley
|
0-0: Foul Ball, location: 2F 0-1: Ball 1-1: SINGLE (Line Drive, 6D)
|
Batting: LHB Carlos Hernández
|
0-0: Ball 1-0: Ball 2-0: Foul Ball, location: 2F 2-1: Called Strike 2-2: Strikes out swinging
|
Batting: RHB Chris Barker
|
0-0: Called Strike Woody Stanley steals 2nd base 0-1: Ball 1-1: Ball 2-1: Ball Wild Pitch! Woody Stanley to third 3-1: Fly out, F8 (Flyball, 8RM) Runner from 3rd tags up, SCORES, no throw
|
Batting: LHB Zander Rutherford
|
0-0: Swinging Strike 0-1: Foul Ball, location: 2F 0-2: Fly out, F7 (Flyball, 7)
|
Bottom of the 4th over - 1 run(s), 1 hit(s), 0 error(s), 0 left on base; Auburn 0 - Rutgers 1 |
TOP OF THE 5TH |
Auburn Tigers batting - Pitching for Rutgers Scarlet Knights : RHP Joel Cobb
|
Batting: LHB Matt Kennedy
|
0-0: Called Strike 0-1: Reached on error, E4 (Groundball, 4MS)
|
Batting: RHB Patrick Stewart
|
0-0: Foul Ball, location: 2F 0-1: Ball 1-1: Ground out 6-3 (Groundball, 6)
|
Batting: RHB Travis Curtis
|
0-0: Ball 1-0: Ball 2-0: Swinging Strike 2-1: Ball 3-1: Base on Balls
|
Batting: RHB Bill Petty
|
0-0: Called Strike 0-1: Ball 1-1: Fly out, F9 (Flyball, 89S)
|
Batting: RHB Jerry Browning
|
0-0: Ball 1-0: Ball 2-0: Called Strike 2-1: Fly out, F9 (Line Drive, 9)
|
Top of the 5th over - 0 run(s), 0 hit(s), 1 error(s), 2 left on base; Auburn 0 - Rutgers 1 |
BOTTOM OF THE 5TH |
Rutgers Scarlet Knights batting - Pitching for Auburn Tigers : RHP Luis Osón
|
Batting: RHB Eric Green
|
0-0: Ball 1-0: Ball 2-0: Ball 3-0: Called Strike 3-1: Fly out, F9 (Line Drive, 9LM)
|
Batting: RHB Norm Gunn
|
0-0: Ball 1-0: Foul Ball, location: 2F 1-1: Swinging Strike 1-2: Ball 2-2: Strikes out swinging
|
Batting: RHB Jesús León
|
0-0: Called Strike 0-1: Ball 1-1: Fly out, F4 (Popup, 3D)
|
Bottom of the 5th over - 0 run(s), 0 hit(s), 0 error(s), 0 left on base; Auburn 0 - Rutgers 1 |
TOP OF THE 6TH |
Auburn Tigers batting - Pitching for Rutgers Scarlet Knights : RHP Joel Cobb
|
Batting: RHB Robert Porter
|
0-0: Called Strike 0-1: Ball 1-1: Called Strike 1-2: Ball 2-2: Strikes out swinging
|
Batting: SHB Garrett Waller
|
0-0: Called Strike 0-1: Swinging Strike 0-2: Ball 1-2: Foul Ball, location: 2F 1-2: Ball 2-2: Foul Ball, location: 2F 2-2: Ball 3-2: SINGLE (Line Drive, 56)
|
Batting: RHB Valentín Saldaña
|
0-0: Grounds into double play, 5-4-3 (Groundball, 5)
|
Top of the 6th over - 0 run(s), 1 hit(s), 0 error(s), 0 left on base; Auburn 0 - Rutgers 1 |
BOTTOM OF THE 6TH |
Rutgers Scarlet Knights batting - Pitching for Auburn Tigers : RHP Luis Osón
|
Batting: LHB Dave Watkins
|
0-0: Fly out, F8 (Line Drive, 8LM)
|
Batting: RHB Joe Roberts
|
0-0: Ball 1-0: Fly out, F9 (Flyball, 9)
|
Batting: SHB Woody Stanley
|
0-0: Ball 1-0: Ball 2-0: Ball 3-0: Called Strike 3-1: Called Strike 3-2: Foul Ball, location: 2F 3-2: Foul Ball, location: 2F 3-2: Ground out 6-3 (Groundball, 6)
|
Bottom of the 6th over - 0 run(s), 0 hit(s), 0 error(s), 0 left on base; Auburn 0 - Rutgers 1 |
TOP OF THE 7TH |
Auburn Tigers batting - Pitching for Rutgers Scarlet Knights : RHP Joel Cobb
|
Batting: SHB Mike Robinson
|
0-0: Foul Ball, location: 2F 0-1: Foul Ball, location: 2F 0-2: Ball 1-2: Ball 2-2: Ball 3-2: Base on Balls
|
Pitching: RHP John Rutherford
|
|
Batting: LHB Matt Kennedy
|
0-0: Called Strike 0-1: DOUBLE (Flyball, 78M) Mike Robinson to third
|
Batting: RHB Patrick Stewart
|
0-0: Ball 1-0: Swinging Strike 1-1: Called Strike 1-2: SINGLE (Groundball, 6MD) Mike Robinson scores Matt Kennedy to third Runner from 3rd tries for Home, throw and OUT! Patrick Stewart to second
|
Batting: RHB Travis Curtis
|
0-0: Intentional Walk
|
Batting: RHB Bill Petty
|
0-0: Ball 1-0: Ball 2-0: Ball 3-0: Called Strike 3-1: Base on Balls Patrick Stewart to third Travis Curtis to second
|
Batting: RHB Jerry Browning
|
0-0: Ball 1-0: Grounds into fielders choice 5-2 (Groundball, 5S) Travis Curtis to third Bill Petty to second
|
Batting: RHB Robert Porter
|
0-0: Ball 1-0: Ground out 1-3 (Groundball, P)
|
Top of the 7th over - 1 run(s), 2 hit(s), 0 error(s), 3 left on base; Auburn 1 - Rutgers 1 |
BOTTOM OF THE 7TH |
Rutgers Scarlet Knights batting - Pitching for Auburn Tigers : RHP Luis Osón
|
Pitching: RHP Brandon Davis
|
|
Batting: LHB Carlos Hernández
|
0-0: Ball 1-0: Swinging Strike 1-1: Foul Ball, location: 2F 1-2: Ball 2-2: Ball 3-2: Base on Balls
|
Batting: RHB Chris Barker
|
0-0: Called Strike 0-1: Foul Ball, location: 2F 0-2: Ball 1-2: Ball 2-2: Ball 3-2: Foul Ball, location: 2F 3-2: Base on Balls Carlos Hernández to second
|
Batting: LHB Zander Rutherford
|
0-0: Ground out 5-3 (Groundball, 56S) Carlos Hernández to third Chris Barker to second
|
Batting: RHB Eric Green
|
0-0: Intentional Walk
|
Pinch Hitting: RHB Bill Shaffer
|
0-0: Called Strike 0-1: Ball 1-1: Ball 2-1: Ball 3-1: Base on Balls Carlos Hernández scores Chris Barker to third Eric Green to second
|
Batting: RHB Jesús León
|
0-0: Ball 1-0: Foul Ball, location: 2F 1-1: SINGLE (Flyball, 6MD) Chris Barker scores Eric Green to third Bill Shaffer to second Runner from 3rd tries for Home, SAFE, throw made home Bill Shaffer to third Jesús León to second
|
Pitching: RHP Melvin Baker
|
|
Batting: LHB Dave Watkins
|
0-0: Ball 1-0: Ball 2-0: Called Strike 2-1: SINGLE (Groundball, 4D) Bill Shaffer scores Jesús León to third
|
Batting: RHB Joe Roberts
|
0-0: Called Strike Pickoff Throw to First - Error! E1 Jesús León scores Dave Watkins to second 0-1: Called Strike 0-2: Strikes out looking
|
Batting: SHB Woody Stanley
|
0-0: Ball 1-0: Ball 2-0: SINGLE (Groundball, 4D) Dave Watkins to third Runner from 3rd tries for Home, SAFE, no throw
|
Batting: LHB Carlos Hernández
|
0-0: Ball 1-0: Ball 2-0: Called Strike 2-1: Called Strike 2-2: 2-RUN HOME RUN (Line Drive, 9LD), Distance : 341 ft
|
Batting: RHB Chris Barker
|
0-0: Ground out 5-3 (Groundball, 56)
|
Bottom of the 7th over - 8 run(s), 4 hit(s), 1 error(s), 0 left on base; Auburn 1 - Rutgers 9 |
TOP OF THE 8TH |
Auburn Tigers batting - Pitching for Rutgers Scarlet Knights : RHP John Rutherford
|
Now at 1B: Bill Shaffer
|
|
Batting: SHB Garrett Waller
|
0-0: SINGLE (Line Drive, 7)
|
Batting: RHB Valentín Saldaña
|
0-0: Ball 1-0: Ball 2-0: Swinging Strike 2-1: Fly out, F7 (Line Drive, 7D)
|
Batting: SHB Mike Robinson
|
0-0: Swinging Strike 0-1: Ball 1-1: Ball 2-1: Called Strike 2-2: Strikes out swinging
|
Batting: LHB Matt Kennedy
|
0-0: Ball 1-0: Fly out, F5 (Popup, 56S)
|
Top of the 8th over - 0 run(s), 1 hit(s), 0 error(s), 1 left on base; Auburn 1 - Rutgers 9 |
BOTTOM OF THE 8TH |
Rutgers Scarlet Knights batting - Pitching for Auburn Tigers : RHP Melvin Baker
|
Pitching: LHP Carl Piña
|
|
Batting: LHB Zander Rutherford
|
0-0: Swinging Strike 0-1: Ground out 6-3 (Groundball, 6S)
|
Batting: RHB Eric Green
|
0-0: Foul Ball, location: 2F 0-1: Hit by Pitch
|
Batting: RHB Bill Shaffer
|
0-0: Called Strike 0-1: Foul Ball, location: 2F 0-2: Ball 1-2: Strikes out swinging
|
Batting: RHB Jesús León
|
0-0: Fly out, F2 (Popup, 5S)
|
Bottom of the 8th over - 0 run(s), 0 hit(s), 0 error(s), 1 left on base; Auburn 1 - Rutgers 9 |
TOP OF THE 9TH |
Auburn Tigers batting - Pitching for Rutgers Scarlet Knights : RHP John Rutherford
|
Batting: RHB Patrick Stewart
|
0-0: Called Strike 0-1: Ball 1-1: Called Strike 1-2: Ground out 6-3 (Groundball, 6)
|
Batting: RHB Travis Curtis
|
0-0: Called Strike 0-1: Ball 1-1: Called Strike 1-2: Ground out 6-3 (Groundball, 6)
|
Batting: RHB Bill Petty
|
0-0: Ball 1-0: Swinging Strike 1-1: Fly out, F2 (Popup, 3S)
|
Top of the 9th over - 0 run(s), 0 hit(s), 0 error(s), 0 left on base; Auburn 1 - Rutgers 9 |
|